 Dungeon Crawl Stone Soup version 0.26-a0-466-g989023bd0d (webtiles) character file.

Game seed: 9259724416470140506

2007 graki42 the Ducker (level 9, -3/42 HPs)
             Began as a Spriggan Arcane Marksman on Aug 12, 2020.
             Was a Believer of Okawaru.
             Killed from afar by Duvessa (6 damage)
             ... with a puff of flame
             ... on level 7 of the Dungeon on Aug 13, 2020.
             The game lasted 00:38:04 (8402 turns).

graki42 the Ducker (Spriggan Arcane Marksman)       Turns: 8402, Time: 00:38:05

Health: -3/42      AC:  3    Str:  8    XL:     9   Next: 2%
Magic:  19/19      EV: 24    Int: 14    God:    Okawaru [**....]
Gold:   355        SH:  0    Dex: 18    Spells: 14/20 levels left

rFire    . . .     SeeInvis +   b - +2 dagger (elec)
rCold    . . .     Faith    .   (shield restricted)
rNeg     . . .     Spirit   .   e - +0 robe
rPois    +         Reflect  .   (helmet restricted)
rElec    .         Harm     .   t - +0 cloak {rPois}
rCorr    .                      (gloves unavailable)
MR       ++...                  (boots unavailable)
Stlth    +++.......             (no amulet)
HPRegen  0.14/turn              C - ring of stealth
MPRegen  0.16/turn              F - ring of protection from magic

@: very quick
A: very small, unfitting armour, see invisible, speed 3
a: Heroism, Renounce Religion


You were on level 7 of the Dungeon.
You worshipped Okawaru.
Okawaru was pleased with you.
You visited 2 branches of the dungeon, and saw 8 of its levels.
You also visited: Sewer.

You collected 355 gold pieces.

Inventory:

Hand Weapons
 a - a +0 hunting sling
 b - a +2 dagger of electrocution (weapon)
 i - a +0 dagger of venom
Missiles
 g - 5 atropa-tipped darts
 h - 65 poisoned darts (quivered)
 l - 126 stones
 z - 4 silver boomerangs
 E - 15 sling bullets
Armour
 e - a +0 robe (worn)
 t - a +0 cloak of poison resistance (worn)
Jewellery
 k - an uncursed ring of resist corrosion
 C - a ring of stealth (left hand)
 D - an uncursed ring of protection from fire
 F - a ring of protection from magic (right hand)
 J - a +6 ring of strength
Wands
 r - a wand of disintegration (15)
 x - a wand of polymorph (7)
Scrolls
 n - 6 scrolls of remove curse
 o - 2 scrolls of amnesia
 q - 4 scrolls of teleportation
 u - a scroll of fear {unknown}
 v - a scroll of blinking {unknown}
 w - 2 scrolls of fog
 y - a scroll of summoning {unknown}
 A - a scroll of noise {unknown}
 B - 3 scrolls of identify
 G - a scroll of acquirement {unknown}
 H - a scroll of immolation {unknown}
 I - a scroll of magic mapping {unknown}
Potions
 c - 4 potions of might {unknown}
 d - 2 potions of lignification {unknown}
 f - 3 potions of flight
 j - a potion of cancellation
 m - a potion of brilliance
 p - a potion of degeneration
 s - a potion of curing


   Skills:
 - Level 2.0 Fighting
 + Level 7.2 Slings
 + Level 7.8 Dodging
 + Level 6.0 Spellcasting
 + Level 7.0 Hexes
 + Level 6.7 Translocations
 + Level 0.1 Invocations


You had 14 spell levels left.
You knew the following spells:

 Your Spells              Type           Power        Failure   Level
a - Corona                Hex            ###....      1%          1
b - Slow                  Hex            ###.....     1%          2
c - Portal Projectile     Hex/Tloc       ###...       2%          3

Your spell library contained the following spells:

 Spells                   Type           Power        Failure   Level
 Cause Fear               Hex            ###.......   9%          4
 Inner Flame              Hex/Fire       ##......     11%         3
 Leda's Liquefaction      Hex/Erth       ##........   36%         4


Dungeon Overview and Level Annotations

Branches:
Dungeon (7/15)             Temple (1/1) D:4           Sewer (visited)

Altars:
Ashenzari
Cheibriados
Dithmenos
Elyvilon
Fedhas
Gozag
Makhleb
Okawaru
Ru
Sif Muna
Trog
Uskayaw
Vehumet
Wu Jian
Xom
Yredelemnul
The Shining One

Annotations:
D:7 Dowan, Duvessa


Innate Abilities, Weirdness & Mutations

You are very small and have problems with some larger weapons.
You are too small for most types of armour.
You have supernaturally acute eyesight. (SInv)
You cover ground extremely quickly.


Message History

Duvessa is lightly wounded.
Duvessa says, "When magic and the sword combine, nothing stands against them."
Duvessa closely misses you.
You hit Duvessa.
Duvessa is lightly wounded.
Duvessa completely misses you. x2
You closely miss Duvessa.
Duvessa is lightly wounded.
Duvessa closely misses you.
You hit Duvessa but do no damage.
Duvessa is lightly wounded.
Duvessa hits you with a +0 rapier.
You barely miss Duvessa.
Duvessa is lightly wounded.
Duvessa hits you with a +0 rapier!
* * * LOW HITPOINT WARNING * * *
Dowan casts a spell.
Dowan blinks!
Duvessa barely misses you. Dowan misses you.
Duvessa zaps a wand.
The puff of flame hits you.
You die...

#.....# #.....#
#.....######
#.....e.§...
#.....######
#.....#
#######†.(..##
#e.e§(..........
#@##############
####.# #....#
#†#### #..<#
#####


You could see Duvessa (fast, resistant, poisoned) and Dowan.

Vanquished Creatures
  Pikel (D:4)
  Grinder (D:6)
  An orc warrior (D:5)
  2 ogres
  3 bullfrogs
  3 scorpions
  A howler monkey (D:5)
  A centaur zombie (D:6)
  2 jellies
  2 hounds
  2 orc priests (D:6)
  A bullfrog skeleton (D:7)
  3 orc wizards (D:6)
  Crazy Yiuf (D:4)
  3 iguanas
  6 worker ants
  A gnoll (D:1)
  6 adders
  2 river rats (D:5)
  An ooze (Sewer)
  An adder skeleton (D:2)
  3 worms
  3 dart slugs (D:2)
  7 leopard geckos
  14 orcs
  7 giant cockroaches
  2 gnoll zombies (D:3)
  6 goblins
  6 hobgoblins
  8 jackals
  4 kobolds
  2 quokkas
  4 ball pythons
  15 bats
  3 frilled lizards
  2 quokka skeletons
  8 rats
138 creatures vanquished.

Notes
Turn   | Place    | Note
-------+----------+-------------------------------------------
     0 | D:1      | graki42 the Spriggan Arcane Marksman began the quest for
                  | the Orb.
     0 | D:1      | Reached XP level 1. HP: 9/9 MP: 3/3
   111 | D:1      | Reached skill level 1 in Fighting
   111 | D:1      | Reached XP level 2. HP: 5/14 MP: 1/5
   335 | D:1      | Learned a level 2 spell: Slow
  1142 | D:2      | Reached XP level 3. HP: 11/18 MP: 6/6
  1534 | D:2      | Reached XP level 4. HP: 14/22 MP: 7/7
  1797 | D:2      | Learned a level 3 spell: Portal Projectile
  2947 | D:3      | Found a basalt altar of Yredelemnul.
  3127 | D:3      | Reached skill level 1 in Translocations
  3127 | D:3      | Reached XP level 5. HP: 22/26 MP: 5/9
  3294 | D:4      | Noticed Pikel
  3294 | D:4      | Noticed a lemure
  3295 | D:4      | Noticed a lemure
  3296 | D:4      | Noticed a lemure
  3296 | D:4      | Noticed a lemure
  3324 | D:4      | Killed Pikel
  3324 | D:4      | Reached skill level 5 in Slings
  3324 | D:4      | Reached skill level 5 in Dodging
  3324 | D:4      | Reached skill level 5 in Hexes
  3324 | D:4      | Reached XP level 6. HP: 11/30 MP: 1/12
  3324 | D:4      | Reached XP level 7. HP: 13/35 MP: 1/13
  3896 | D:4      | Found a staircase to the Ecumenical Temple.
  3907 | Temple   | Entered the Ecumenical Temple
  3982 | Temple   | Became a worshipper of Warmaster Okawaru
  4318 | D:4      | Found a runed translucent door.
  4319 | D:4      | Noticed Crazy Yiuf
  4328 | D:4      | Killed Crazy Yiuf
  4888 | D:5      | Entered Level 5 of the Dungeon
  5023 | D:5      | Found a glowing drain.
  5057 | Sewer    | Entered a sewer
  5893 | D:5      | Reached * piety under Okawaru
  6065 | D:5      | Reached XP level 8. HP: 39/39 MP: 15/15
  6155 | D:5      | Reached skill level 5 in Translocations
  6567 | D:6      | Reached skill level 5 in Spellcasting
  6870 | D:6      | Noticed Grinder
  6898 | D:6      | Killed Grinder
  6898 | D:6      | Reached ** piety under Okawaru
  8331 | D:7      | Reached XP level 9. HP: 42/42 MP: 19/19
  8379 | D:7      | Noticed Duvessa
  8379 | D:7      | Noticed Dowan
  8402 | D:7      | Killed from afar by Duvessa

Illustrated notes

Levels and vault maps discovered:
D:1:      onia_arrival_mini_spirals, layout_loops_ring
D:2:      layout_loops_ring
D:3:      layout_loops_ring, lemuel_zombie_altar_yredelemnul
D:4:      layout_cave_pods, minmay_temple_entry_wispy, uniq_crazy_yiuf_cottage,
          uniq_pikel
D:5:      layout_rooms, portal_sewer_entry_b, kennysheep_generic_room_3
D:6:      layout_basic, uniq_grinder
D:7:      layout_basic, kennysheep_generic_room_13, uniq_duvessa
Temple:   regret_index_temple_mists

Skill      XL: |  1  2  3  4  5  6  7  8 |
---------------+-------------------------+-----
Fighting       | 1 2 |  2.0
Slings         | 3 4 5 6 7 |  7.2
Spellcasting   | 2 3 4 6 |  6.0
Hexes          | 4 5 7 |  7.0
Translocations | 1 3 4 6 |  6.7
Dodging        | 5 6 7 |  7.8
Invocations    | |  0.1

Action                   |  1- 3 |  4- 6 |  7- 9 || total
-------------------------+-------+-------+-------++-------
Melee: Dagger            |       |    16 |   242 ||   258
 Fire: Hunting sling     |   129 |    92 |   216 ||   437
Throw: Dart              |       |    12 |    27 ||    39
 Cast: Corona            |     3 |     3 |    12 ||    18
       Slow              |       |     6 |    12 ||    18
       Portal Projectile |       |       |     6 ||     6
 Abil: Cancel Portal Pro |       |       |     1 ||     1
  Use: Scroll            |       |       |     9 ||     9
       Potion            |       |       |     2 ||     2
 Stab: Sleeping          |       |       |     4 ||     4
Armor: Robe              |    14 |     5 |    19 ||    38
Dodge: Dodged            |    74 |    29 |   237 ||   340

Table legend: (Time is in decaauts)
 A = Elapsed time spent in this place.
 B = Non-inter-level travel time spent in this place.
 C = Inter-level travel time spent in this place.
 D = Time resting spent in this place.
 E = Time spent auto-exploring this place.
 F = Levels seen in this place.
 G = Mean time per level.
                   A        B        C        D        E       F      G
               +--------+--------+--------+--------+--------+-----+--------+
         Total |   6637 |   6340 |    297 |   1337 |   3683 |   9 |  737.4 |
       Dungeon |   6044 |   5763 |    281 |   1337 |   3299 |   7 |  863.4 |
        Temple |     88 |     73 |     15 |      0 |     63 |   1 |   88.0 |
         Sewer |    504 |    504 |      0 |      0 |    320 |   1 |  504.0 |
               +--------+--------+--------+--------+--------+-----+--------+

Top non-repeatable levels by time:
     D:4: 1275 daAuts
     D:6: 1263 daAuts
     D:2: 967 daAuts
     D:1: 898 daAuts
     D:5: 838 daAuts
     D:3: 719 daAuts
   Sewer: 504 daAuts
  Temple: 88 daAuts
     D:7: 82 daAuts
